 Dungeon Crawl Stone Soup version 0.29.1-1-gd02db6906a (webtiles) character file.

Game seed: 15960308540132890494

536056 Ashen the Gelid (level 24, -3/199 HPs)
             Began as a Demonspawn Conjurer on Oct 3, 2022.
             Was the Champion of Vehumet.
             Slain by a white draconian
             ... wielding a +0 war axe
             ... led by a black draconian knight
              (19 damage)
             ... on level 2 of the Realm of Zot on Oct 4, 2022.
             The game lasted 05:52:22 (81799 turns).

Ashen the Gelid (Demonspawn Conjurer)              Turns: 81799, Time: 05:52:23

Health: -3/199     AC: 13    Str: 16    XL:     24   Next: 58%
Magic:  25/40      EV: 17    Int: 27    God:    Vehumet [******]
Gold:   1905       SH:  9    Dex: 16    Spells: 3/59 levels left

rFire   + + .      SeeInvis +   b - staff of conjuration
rCold   + + .      Faith    .   t - +2 buckler {AC+3}
rNeg    + . .      Spirit   .   Q - +0 robe {Archmagi}
rPois   +          Reflect  .   U - +0 mask of the Dragon {Will+ Slay+3 SInv}
rElec   +          Harm     .   y - +1 cloak {rF+}
rCorr   .          Rampage  .   (gloves unavailable)
Will    +++..      Archmagi +   l - +2 pair of boots {Stlth+}
Stlth   ++++......              B - amulet of magic regeneration
HPRegen 1.23/turn               r - ring "Eclitu" {Wiz rN+ Dex+2 Slay+3}
MPRegen 0.67/turn               q - ring "Upisial" {rElec rF+ rC+ Str+6}

@: lethally poisoned (-3 -> -4), studying Fighting
A: claws 3, icy blue scales 3, hurl damnation, powered by pain 3, torment
resistance 1, demonic magic 2, demonic willpower, deformed body, deterioration
1, low MP 1, poison resistance, regeneration 1, MP-powered wands
}: 3/15 runes: decaying, serpentine, slimy
a: Hurl Damnation, Renounce Religion


You were on level 2 of the Realm of Zot.
You worshipped Vehumet.
Vehumet was exalted by your worship.
You visited 11 branches of the dungeon, and saw 50 of its levels.
You visited 2 bazaars.
You also visited: Volcano.

You collected 5910 gold pieces.
You spent 4005 gold pieces at shops.

Inventory:

Hand Weapons
 Y - a +9 demon trident
Missiles
 S - 14 javelins
Armour
 g - quicksilver dragon scales
 l - a +2 pair of boots of stealth (worn)
 t - a +2 buckler of protection (worn)
 v - the +4 Cigotuvi's embrace {rMiasma Drain rN+}
   (You found it on level 9 of the Dungeon)

   It gathers nearby corpses to temporarily increase the armour it provides.
   It protects you from foul pestilence.
   rN:        It protects you from negative energy.
   Drain:     It drains your maximum health when unequipped.
 y - a +1 cloak of fire resistance (worn)
 Q - a +0 robe of the Archmagi (worn)
 U - the +0 mask of the Dragon (worn) {Will+ Slay+3 SInv}
   (You found it on level 5 of the Lair of Beasts)

   Slay:      It affects your accuracy & damage with ranged weapons and melee
   (+3).
   SInv:      It lets you see invisible.
   Will:      It increases your willpower.
Magical Staves
 b - a staff of conjuration (weapon)
 L - a staff of air
Jewellery
 m - a ring of magical power
 q - the ring "Upisial" (right claw) {rElec rF+ rC+ Str+6}
   (You found it on level 13 of the Dungeon)

   [ring of strength]

   Str:       It affects your strength (+6).
   rF:        It protects you from fire.
   rC:        It protects you from cold.
   rElec:     It insulates you from electricity.
 r - the ring "Eclitu" (left claw) {Wiz rN+ Dex+2 Slay+3}
   (You bought it in a shop in a bazaar)

   [ring of wizardry]

   It improves your spell success rate.
   Dex:       It affects your dexterity (+2).
   Slay:      It affects your accuracy & damage with ranged weapons and melee
   (+3).
   rN:        It protects you from negative energy.
 u - a ring of resist corrosion
 w - an amulet of reflection
 B - an amulet of magic regeneration (around neck)
 J - the ring of Duovvowu {+Blink rPois Will+ rCorr Int+4}
   (You took it off a deep elf annihilator on level 3 of the Elven Halls)

   [ring of resist corrosion]

   Int:       It affects your intelligence (+4).
   rPois:     It protects you from poison.
   +Blink:    It lets you blink.
   rCorr:     It protects you from acid and corrosion.
   Will:      It increases your willpower.
 X - the ring "Mautaema" {Fly rF++}
   (You found it on level 5 of the Pits of Slime)

   [ring of flight]

   rF:        It greatly protects you from fire.
   Fly:       It grants you flight.
Wands
 d - a wand of quicksilver (16)
 e - a wand of polymorph (7)
 x - a wand of flame (77)
 G - a wand of paralysis (52)
 H - a wand of mindburst (22)
 I - a wand of roots (32)
 M - a wand of digging (6)
Scrolls
 a - 2 scrolls of silence
 c - 11 scrolls of fear
 f - 10 scrolls of poison
 i - 4 scrolls of summoning
 j - 17 scrolls of teleportation
 o - 7 scrolls of magic mapping
 C - 6 scrolls of butterflies
 E - 11 scrolls of enchant armour
 F - 10 scrolls of vulnerability
 O - 6 scrolls of blinking
 V - 2 scrolls of enchant weapon
 W - 9 scrolls of immolation
 Z - 5 scrolls of torment
Potions
 h - 5 potions of resistance
 k - 9 potions of might
 n - 6 potions of heal wounds
 p - 4 potions of invisibility
 s - 8 potions of haste
 z - 5 potions of flight
 A - 3 potions of cancellation
 D - 25 potions of curing
 K - a potion of magic
 N - a potion of ambrosia
 P - 5 potions of lignification
 T - 8 potions of brilliance
Miscellaneous
 R - a phial of floods


   Skills:
 + Level 18.4 Fighting
 + Level 4.0 Armour
 + Level 10.8 Dodging
 - Level 5.0 Stealth
 - Level 10.0 Shields
 + Level 18.4 Spellcasting
 - Level 15.0 Conjurations
 - Level 5.0 Hexes
 - Level 15.0 Necromancy
 - Level 5.0 Translocations
 - Level 15.0 Transmutations
 - Level 20.0 Ice Magic
 + Level 4.3 Evocations


You had 3 spell levels left.
You knew the following spells:

 Your Spells              Type           Power      Damage    Failure   Level
a - Ozocubu's Refrigerat  Ice            57%        4d20      1%          7
b - Polar Vortex          Ice            57%        N/A       7%          9
c - Orb of Destruction    Conj           63%        9d15      1%          7
d - Iskenderun's Mystic   Conj/Tloc      100%       2d19      1%          4
e - Necromutation         Tmut/Necr      51%        N/A       12%         8
f - Frozen Ramparts       Ice            100%       1d16      0%          3
g - Flame Wave            Conj/Fire      98%        2d20      1%          4
h - Starburst             Conj/Fire      49%        6d13      1%          6
i - Conjure Ball Lightni  Conj/Air       49%        3x3d17    1%          6
j - Blink                 Tloc           100%       N/A       1%          2

Your spell library contained the following spells:

 Spells                   Type           Power      Damage    Failure   Level
 Chain Lightning          Conj/Air       49%        3d65      99%         9
 Fire Storm               Conj/Fire      49%        8d12      99%         9
 Freeze                   Ice            100%       1d11      0%          1
 Magic Dart               Conj           100%       1d8       0%          1
 Necrotise                Necr           100%       1d9       0%          1
 Searing Ray              Conj           100%       2d8       0%          2
 Sublimation of Blood     Necr           100%       N/A       0%          2
 Wereblood                Tmut           100%       N/A       0%          2
 Ozocubu's Armour         Ice            100%       N/A       0%          3
 Vampiric Draining        Necr           100%       2d13      0%          3
 Apportation              Tloc           100%       N/A       1%          1
 Shock                    Conj/Air       100%       1d9       1%          1
 Sting                    Tmut/Pois      100%       1d8       1%          1
 Summon Small Mammal      Summ           100%       N/A       1%          1
 Call Imp                 Summ           37%        N/A       1%          2
 Passwall                 Tmut/Erth      65%        N/A       1%          2
 Scorch                   Fire           74%        2d9       1%          2
 Conjure Flame            Conj/Fire      98%        6-21      1%          3
 Dazzling Flash           Conj/Hex       100%       N/A       1%          3
 Gell's Gravitas          Tloc           67%        N/A       1%          3
 Ignite Poison            Fire/Tmut/Pois 67%        N/A       1%          3
 Lesser Beckoning         Tloc           67%        N/A       1%          3
 Mephitic Cloud           Conj/Pois/Air  86%        N/A       1%          3
 Portal Projectile        Hex/Tloc       100%       N/A       1%          3
 Summon Guardian Golem    Hex/Summ       55%        N/A       1%          3
 Tukima's Dance           Hex            67%        N/A       1%          3
 Call Canine Familiar     Summ           37%        N/A       2%          3
 Swiftness                Air            37%        N/A       2%          3
 Hailstorm                Conj/Ice       100%       3d20      0%          4
 Ice Form                 Ice/Tmut       100%       N/A       0%          4
 Anguish                  Hex/Necr       43%        N/A       1%          4
 Corpse Rot               Necr/Pois/Air  67%        N/A       1%          4
 Dispel Undead            Necr           100%       3d31      1%          4
 Fulminant Prism          Conj/Hex       54%        3d23      1%          4
 Petrify                  Tmut/Erth      78%        N/A       1%          4
 Sticky Flame             Conj/Fire      98%        2d11      1%          4
 Agony                    Necr           100%       N/A       1%          5
 Blade Hands              Tmut           51%        N/A       1%          5
 Fireball                 Conj/Fire      49%        3d19      1%          5
 Freezing Cloud           Conj/Ice/Air   57%        6-21      1%          5
 Irradiate                Conj/Tmut      63%        3d32      1%          5
 Iskenderun's Battlesphe  Conj           100%       2d15      1%          5
 Lightning Bolt           Conj/Air       49%        1d69      1%          5
 Metabolic Englaciation   Hex/Ice        47%        N/A       1%          5
 Death Channel            Necr           51%        N/A       1%          6
 Eringya's Noxious Bog    Tmut/Pois      39%        N/A       1%          6
 Simulacrum               Ice/Necr       54%        N/A       1%          6
 Dragon Form              Tmut           51%        N/A       1%          7
 Airstrike                Air            18%        2d(3-19)  2%          4
 Leda's Liquefaction      Hex/Erth       27%        N/A       3%          4
 Manifold Assault         Tloc           67%        N/A       3%          5
 Statue Form              Tmut/Erth      52%        N/A       6%          6
 Lee's Rapid Deconstruct  Erth           18%        3d12*     7%          5
 Summon Lightning Spire   Summ/Air       37%        N/A       9%          4
 Summon Forest            Summ/Tloc      27%        N/A       9%          5
 Spellforged Servitor     Conj/Summ      49%        N/A       10%         7
 Borgnjor's Revivificati  Necr           51%        N/A       12%         8
 Dispersal                Tloc           33%        N/A       16%         6
 Storm Form               Tmut/Air       39%        N/A       32%         7
 Enfeeble                 Hex            33%        N/A       65%         7
 Summon Cactus Giant      Summ           18%        N/A       75%         6
 Death's Door             Necr           51%        N/A       86%         9
 Summon Hydra             Summ           18%        N/A       99%         7
 Maxwell's Capacitive Co  Air            18%        ∞         100%        8


Dungeon Overview and Level Annotations

Branches:
Dungeon (15/15)            Temple (1/1) D:5            Lair (5/5) D:8
  Swamp (4/4) Lair:2        Snake (4/4) Lair:3        Slime (5/5) Lair:4
    Orc (2/2) D:11            Elf (3/3) Orc:2        Vaults (5/5) D:13
  Crypt (0/3) Vaults:2     Depths (4/4) D:15            Zot (2/5) Depths:4
Volcano (visited)

Altars:
Ashenzari
Cheibriados
Dithmenos
Fedhas
Gozag
Hepliaklqana
Kikubaaqudgha
Makhleb
Nemelex Xobeh
Okawaru
Qazlal
Ru
Sif Muna
Trog
Uskayaw
Vehumet
Wu Jian
Xom
Yredelemnul
Jiyva

Shops:
D:11 (   Orc:2 (?(:   Elf:2 [   Elf:3 *:::=:   Snake:2 (   Vaults:1 *
Vaults:3 !(([?   Vaults:4 (   Depths:1 [(([

Portals:
Hell: Lair:5 Depths:1 Depths:2 Depths:3 Depths:4
Abyss: Swamp:2 Depths:3 Depths:4
Pandemonium: Depths:1 Depths:2 Depths:4
Ziggurat: Depths:2

Annotations:
Swamp:2 2 transporters, Buem's ghost, adept OgAM
Swamp:3 1 transporter, sentinel's ghost, journeyman MeEE
Depths:3 2 exclusions
Depths:4 1 runed translucent door, exclusion: door


Innate Abilities, Weirdness & Mutations

You have claws for hands.
You are completely covered in icy blue scales. (AC +4, rC+)
You can hurl damnation.
You are powered by pain.
You are resistant to unholy torment.
Spells you cast may paralyse nearby enemies.
You punish those that try to bend your will. (Will+)
Armour fits poorly on your strangely shaped body.
Your body sometimes deteriorates upon taking damage.
Your magical capacity is low. (-10% MP)
Your system is resistant to poisons. (rPois)
Your natural rate of healing is unusually fast.
You expend magic power (3 MP) to strengthen your wands.


Message History

The black draconian knight is poisoned.
The white draconian breathes frost at you.
The blast of cold hits you. You resist.
* * * LOW HITPOINT WARNING * * *
A storm dragon comes into view.
Training target 15.0 for Transmutations reached!
Your Transmutations skill increases to level 15!
You need to enable at least one skill for training.
The quicksilver dragon is engulfed in poison gas.
The quicksilver dragon is poisoned.
The quicksilver dragon breathes dispelling energy at you.
The bolt of dispelling energy hits you!
You feel strangely stable.
Your magical effects are unravelling.
* * * LOW HITPOINT WARNING * * *
The moth of wrath goads the white draconian on!
The white draconian goes berserk!
The black draconian knight mumbles some strange words.
The black draconian knight seems to speed up.
The quicksilver dragon is engulfed in poison gas.
The quicksilver dragon looks even sicker.
Press: ? - help, v - describe, . - travel, g - get item
Items here: +0 shadow dragon scales; a shadow dragon corpse.
The floor.
There is a cloud of poison gas here.
Blink to where?
Press: ? - help, Dir - move target
As you read the scroll of blinking, it crumbles to dust.
You feel yourself come back to life.
You feel yourself speed up.
You feel a little less agile now.
You feel sick. You block the moth of wrath's attack.
The white draconian hits you with a +0 war axe!!
* * * LOW HITPOINT WARNING * * *
The quicksilver dragon is engulfed in poison gas.
The quicksilver dragon looks as sick as possible!
The moth of wrath barely misses you.
The storm dragon bites you but does no damage.
The storm dragon barely misses you. You block the storm dragon's attack.
The white draconian hits you with a +0 war axe!!
You die...

.. ### . ...## #
.d.# # #####D.# #
.#..)#dq#
dy..d9d°# # #°○#
## #### ######°°#
.#
.†...#####.D@dD.°#
.##
......[...!..y°.##
#.### ##.#########
##..## ####.#
##..###....#
##..#..####
##...## ##..#
##..#


You could see a storm dragon, a white draconian (berserk), a quicksilver dragon
(extremely poisoned) and a moth of wrath.

Vanquished Creatures
  the Royal Jelly (Slime:5)
  An orb of fire (Zot:1)
  A juggernaut (Zot:1)
  Vv (Zot:2)
  Xtahua (Depths:4)
  Saint Roka (Elf:2)
  Frederick (Depths:3)
  Nikola (Swamp:1)
  A caustic shrike (Depths:2)
  A bone dragon (Zot:2)
  4 golden dragons
  11 tentacled monstrosities
  The ghost of Garym the Severer, an adept MiBe of Trog (Swamp:4)
  A quicksilver dragon (Zot:2)
  Mlioglotl (Swamp:4)
  A walking crystal tome (Depths:4)
  A deep elf master archer (Elf:3)
  Rupert (D:12)
  A lich (Depths:1)
  3 deep elf blademasters
  5 sphinxes
  A walking frostbound tome (Depths:4)
  The ghost of Nicoed the Executioner, an adept MiBe of Okawaru (Snake:1)
  26 acid blobs
  A walking divine tome (Depths:4)
  4 death cobs
  The ghost of xzight the Severer, an adept MiBe of Trog (Swamp:1)
  The ghost of MewIchigo the Peltast, an adept MiFi of Okawaru (Snake:4)
  2 tengu reavers
  4 shadow dragons
  5 draconian monks
  Kirke (Lair:4)
  7 storm dragons
  Roxanne (Swamp:2)
  15 rockslimes
  13 azure jellies
  9 fire giants
  A draconian knight (Zot:1)
  3 fenstrider witches
  5 deep elf sorcerers
  2 iron dragons
  13 vault wardens
  8 frost giants
  Louise (D:15)
  2 orc warlords (Orc:1)
  A draconian scorcher (Depths:4)
  3 draconian shifters
  3 deep elf elementalists (Elf:3)
  4 ghouls
  2 draconian stormcallers
  20 quicksilver oozes
  13 ironbound preservers
  The ghost of bear the Thaumaturge, a journeyman SpCj of Vehumet (Lair:1)
  A reaper (Depths:2)
  A draconian annihilator (Zot:1)
  14 stone giants
  18 very ugly things
  13 ironbound thunderhulks
  A black draconian (Depths:4)
  An eleionoma (Swamp:1)
  3 green draconians
  6 deep elf annihilators (Elf:3)
  3 grey draconians (Zot:2)
  An entropy weaver (shapeshifter) (Vaults:4)
  7 bunyips
  2 deep elf demonologists (Elf:3)
  2 white draconians
  An entropy weaver (Vaults:4)
  14 spark wasps
  4 yellow draconians
  6 purple draconians
  12 dire elephants
  4 red draconians
  A merfolk javelineer (Depths:1)
  7 deep elf death magi
  3 ettins
  A green death (Depths:4)
  Josephine (D:10)
  6 fire dragons
  A crystal guardian (Vaults:4)
  3 deep elf high priests
  9 yaktaur captains
  11 ice dragons
  10 spriggan air magi
  29 hydras
  2 peacekeepers
  5 rakshasas (Depths:1)
  5 salamander tyrants
  8 great orbs of eyes
  12 ironbound frosthearts
  7 ghost crabs
  30 vault guards
  6 boulder beetles
  5 ogre magi
  6 centaur warriors
  Erica (D:11)
  23 two-headed ogres
  12 anacondas
  13 naga warriors
  20 alligators
  2 catoblepae
  8 deep troll shamans
  6 deep troll earth magi
  7 death yaks
  5 tengu warriors
  2 vampire magi (Depths:1)
  13 naga sharpshooters
  25 dancing weapons
  A hell knight (Depths:4)
  5 spriggan berserkers
  A soul eater (Depths:4)
  2 sun demons
  9 shock serpents
  A titan skeleton (Vaults:4)
  5 salamander mystics
  6 iron trolls
  9 goliath frogs
  16 deep elf knights
  3 sixfirhies
  3 skeletal warriors (D:13)
  The ghost of bear the Geomancer, a novice SpEE of Vehumet (Lair:1)
  2 death drakes (Swamp:4)
  9 spriggan druids
  A glowing orange brain (Slime:3)
  A shadow demon (Depths:1)
  45 deep trolls
  7 lindwurms
  A flayed ghost (Depths:2)
  14 swamp dragons
  9 bog bodies
  14 deep elf archers
  11 ironbound convokers
  A sphinx zombie (Vaults:4)
  31 deep elf pyromancers
  10 naga ritualists
  2 necromancers
  3 orc knights
  4 orc sorcerers
  9 wizards
  A phantasmal warrior (Vaults:5)
  13 shining eyes
  29 deep elf zephyrmancers
  24 mana vipers
  2 cyclopes
  44 ugly things
  19 salamanders
  3 will-o-the-wisps
  3 manticores
  10 moths of wrath
  46 black mambas
  12 guardian serpents
  A rust devil (Depths:1)
  4 apocalypse crabs (Swamp:1)
  17 vault sentinels
  13 naga magi
  4 smoke demons
  11 cane toads
  A black mamba (shapeshifter) (Vaults:1)
  Maggie (Lair:2)
  5 eyes of devastation
  A kobold demonologist (D:13)
  2 orange demons (Lair:5)
  24 yaktaurs
  An unseen horror (D:11)
  8 rime drakes
  6 komodo dragons
  4 ice devils
  3 efreet
  3 hellwings
  A red devil (Lair:5)
  8 tyrant leeches
  4 trolls
  A tengu conjurer (Depths:2)
  An elf skeleton (Vaults:4)
  2 polar bears
  5 hornets
  2 bloated husks
  103 slime creatures
  Prince Ribbit (D:9)
  16 blink frogs
  A culicivora (shapeshifter) (D:13)
  A shadow (D:10)
  4 water elementals
  6 wraiths
  A stone giant simulacrum (Vaults:4)
  A vampire (D:11)
  2 ynoxinuls
  A culicivora (Vaults:4)
  7 spriggans
  4 fire elementals
  5 wyverns
  A yak (shapeshifter) (Elf:1)
  44 yaks
  7 hogs
  A redback (shapeshifter) (Elf:1)
  9 golden eyes
  3 steam dragons
  6 basilisks
  2 chaos spawn (Depths:4)
  A redback (Vaults:4)
  Grum (D:9)
  20 vampire mosquitoes
  Edmund (D:6)
  9 wargs
  31 nagas
  15 swamp worms
  2 acid dragons
  11 water moccasins
  12 hell hounds
  5 floating eyes
  A glowing shapeshifter skeleton (Vaults:4)
  A floating eye (shapeshifter) (Depths:4)
  2 ice beasts
  34 orc warriors
  11 swamp drakes
  3 black bears
  3 sky beasts (D:7)
  37 ogres
  19 wolves
  4 boggarts (Vaults:1)
  6 centaurs
  2 phantoms (D:5)
  2 kobold brigands
  2 earth elementals (Elf:1)
  2 necrophages
  7 bullfrogs
  2 scorpions
  A gnoll sergeant (D:12)
  3 wights
  7 killer bees
  9 howler monkeys
  3 jellies (D:6)
  A gnoll bouda (D:6)
  15 orc priests
  Crazy Yiuf (D:6)
  A hound (D:6)
  4 iguanas
  20 orc wizards
  Ijyb (D:5)
  6 adders
  16 gnolls
  An ufetubus (D:6)
  A worm (D:3)
  5 dart slugs
  76 orcs
  8 ball pythons
  8 bats
  9 endoplasms
  3 giant cockroaches
  9 goblins
  7 hobgoblins
  10 kobolds
  2 quokkas
  3 frilled lizards
  5 rats
  A butterfly (Lair:2)
  3 fulminant prisms
1919 creatures vanquished.

Vanquished Creatures (collateral kills)
  4 ball lightnings (Vaults:4)
4 creatures vanquished.

Vanquished Creatures (others)
  A shadow dragon (Zot:2)
  A fire giant (Depths:2)
  A dancing weapon (Elf:3)
  A spriggan druid (Swamp:1)
  An ugly thing (Depths:1)
  63 ball lightnings
  A bush (Lair:2)
  18 foxfires
  264 fulminant prisms
  58 fungi
  99 plants
508 creatures vanquished.

Grand Total: 2431 creatures vanquished

Notes
Turn   | Place    | Note
-------+----------+-------------------------------------------
     0 | D:1      | Ashen the Demonspawn Conjurer began the quest for the Orb.
     0 | D:1      | Reached XP level 1. HP: 13/13 MP: 3/3
   200 | D:1      | Gained mutation: You sometimes gain a little power by
                  | taking damage. [demonic ancestry]
   200 | D:1      | Reached XP level 2. HP: 19/19 MP: 1/5
   679 | D:1      | Found a faded altar of an unknown god.
   785 | D:1      | Gained mutation: Spells you cast may paralyse adjacent
                  | enemies. [demonic ancestry]
   785 | D:1      | Reached XP level 3. HP: 17/24 MP: 3/6
  1373 | D:2      | Learned a level 2 spell: Searing Ray
  1377 | D:2      | Learned a level 3 spell: Dazzling Flash
  1763 | D:2      | Found an opulent altar of Gozag.
  1803 | D:2      | Gained mutation: You have sharp fingernails. [demonic
                  | ancestry]
  1803 | D:2      | Reached XP level 4. HP: 31/31 MP: 3/8
  2206 | D:3      | Reached skill level 1 in Fighting
  2405 | D:3      | Noticed a necrophage
  2817 | D:3      | Identified the +3 chain mail of Plog {rF+ Stlth+}
  3094 | D:3      | Killed a necrophage
  3095 | D:3      | Reached skill level 1 in Hexes
  3095 | D:3      | Reached XP level 5. HP: 13/37 MP: 2/9
  3422 | D:3      | Learned a level 4 spell: Iskenderun's Mystic Blast
  3674 | D:4      | Reached skill level 5 in Conjurations
  3720 | D:4      | Noticed a black bear
  3729 | D:4      | Killed a black bear
  3730 | D:4      | Gained mutation: You have very sharp fingernails. [demonic
                  | ancestry]
  3730 | D:4      | Reached XP level 6. HP: 25/44 MP: 2/11
  4457 | D:4      | Found a broken altar of Ashenzari.
  4699 | D:5      | Entered Level 5 of the Dungeon
  4795 | D:5      | Reached XP level 7. HP: 42/50 MP: 2/13
  4921 | D:5      | Found a staircase to the Ecumenical Temple.
  4953 | Temple   | Entered the Ecumenical Temple
  5044 | D:5      | Noticed Ijyb
  5055 | D:5      | Killed Ijyb
  5521 | D:5      | Learned a level 4 spell: Fulminant Prism
  5730 | D:6      | Noticed Edmund
  5750 | D:6      | Gained mutation: You sometimes gain power by taking damage.
                  | [demonic ancestry]
  5750 | D:6      | Reached XP level 8. HP: 34/57 MP: 6/15
  5981 | D:6      | Reached skill level 1 in Translocations
  5992 | D:6      | Reached skill level 5 in Spellcasting
  6701 | D:6      | Killed Edmund
  7005 | D:6      | Found a runed translucent door.
  7006 | D:6      | Noticed Crazy Yiuf
  7013 | D:6      | Killed Crazy Yiuf
  7130 | D:6      | Gained mutation: Spells you cast may paralyse nearby
                  | enemies. [demonic ancestry]
  7130 | D:6      | Reached XP level 9. HP: 65/65 MP: 11/17
  7298 | D:7      | Found a radiant altar of Vehumet.
  7312 | D:7      | Became a worshipper of Vehumet
  8928 | D:8      | Found a staircase to the Lair.
  9045 | D:8      | Found a burning altar of Makhleb.
  9045 | D:8      | Noticed a cacodemon
  9046 | D:8      | Identified the +2 plate armour "Zogoext" {Contam Rampage
                  | Regen+ Str+4}
  9134 | D:8      | Reached * piety under Vehumet
  9134 | D:8      | Offered knowledge of Freeze by Vehumet.
  9254 | D:8      | Reached skill level 5 in Stealth
  9821 | D:8      | Found a shimmering blue altar of Sif Muna.
 10379 | D:9      | Identified the +0 robe of Dice, Bag, and Bottle {*Slow
                  | rElec Int+4 Slay+3}
 10397 | D:9      | Gained mutation: You are partially covered in icy blue
                  | scales. (AC +2) [demonic ancestry]
 10397 | D:9      | Reached XP level 10. HP: 36/73 MP: 14/20
 10598 | D:9      | Found a shimmering altar of Xom.
 10598 | D:9      | Noticed Prince Ribbit
 10612 | D:9      | Killed Prince Ribbit
 10656 | D:9      | Reached skill level 5 in Dodging
 10743 | D:9      | Found a shadowy altar of Dithmenos.
 10863 | D:9      | Noticed Grum
 11185 | D:9      | Reached skill level 5 in Fighting
 11266 | D:9      | Reached skill level 5 in Hexes
 11440 | D:9      | Noticed a two-headed ogre
 11494 | D:9      | Found the +4 Cigotuvi's embrace {rMiasma Drain rN+}
 11587 | D:9      | Offered knowledge of Shock by Vehumet.
 11732 | D:9      | Reached ** piety under Vehumet
 11736 | D:9      | Killed Grum
 11842 | D:10     | Entered Level 10 of the Dungeon
 11864 | D:10     | Noticed a centaur warrior
 11903 | D:10     | Noticed Josephine
 11913 | D:10     | Killed Josephine
 12909 | D:10     | Gained mutation: You are powered by pain. [demonic
                  | ancestry]
 12909 | D:10     | Reached XP level 11. HP: 54/81 MP: 9/23
 13173 | D:11     | Found a staircase to the Orcish Mines.
 13449 | D:11     | Found Qopafuc's Weapon Boutique.
 13459 | D:11     | Noticed a two-headed ogre
 13532 | D:10     | Offered knowledge of Frozen Ramparts by Vehumet.
 13537 | D:10     | Learned a level 3 spell: Frozen Ramparts
 13970 | D:11     | Noticed Erica
 14559 | Orc:1    | Entered Level 1 of the Orcish Mines
 14605 | Orc:1    | Reached *** piety under Vehumet
 14858 | Orc:2    | Entered Level 2 of the Orcish Mines
 14884 | Orc:2    | Reached skill level 10 in Conjurations
 14884 | Orc:2    | Reached skill level 1 in Ice Magic
 14898 | Orc:2    | Noticed a two-headed ogre
 14902 | Orc:2    | Noticed a two-headed ogre
 15060 | D:11     | Killed a two-headed ogre
 15061 | D:11     | Reached skill level 5 in Translocations
 15061 | D:11     | Reached skill level 2 in Ice Magic
 15624 | D:9      | Killed a two-headed ogre
 15810 | Lair:1   | Entered Level 1 of the Lair of Beasts
 15825 | Lair:1   | Reached skill level 3 in Ice Magic
 16024 | Lair:1   | Noticed a six-headed hydra
 16397 | D:11     | Found Qopafuc's Weapon Boutique.
 16511 | D:11     | Found a staircase to the Orcish Mines.
 16614 | D:11     | Killed Erica
 16723 | Lair:1   | Killed a six-headed hydra
 16853 | Lair:1   | Reached skill level 4 in Ice Magic
 16859 | Lair:1   | Reached XP level 12. HP: 84/89 MP: 15/25
 17483 | Lair:1   | Found a runed translucent gate.
 17483 | Lair:1   | Found a runed translucent gate.
 17485 | Lair:1   | Found a runed translucent gate.
 17485 | Lair:1   | Noticed bear's ghost (novice SpEE)
 17486 | Lair:1   | Noticed bear's ghost (journeyman SpCj)
 18017 | Lair:2   | Found a staircase to the Swamp.
 18180 | Lair:2   | Reached skill level 10 in Spellcasting
 18180 | Lair:2   | Reached skill level 5 in Ice Magic
 18180 | Lair:2   | Offered knowledge of Conjure Flame by Vehumet.
 18528 | Lair:2   | Noticed Maggie
 18887 | Lair:2   | Reached **** piety under Vehumet
 19269 | Lair:3   | Offered knowledge of Flame Wave by Vehumet.
 19413 | Lair:3   | Learned a level 4 spell: Flame Wave
 19933 | Lair:3   | Found a staircase to the Snake Pit.
 20208 | Lair:3   | Found a shadowy altar of Dithmenos.
 20606 | Lair:4   | Noticed a five-headed hydra
 20630 | Lair:4   | Noticed a death yak
 20640 | Lair:4   | Noticed Kirke
 20649 | Lair:4   | Noticed a sphinx
 20650 | Lair:4   | HP: 1/96 [hog[Kirke] (12)]
 20749 | Lair:4   | Found a dark tunnel.
 20754 | Volcano  | Entered a volcano
 20928 | Volcano  | Gained mutation: You are mostly covered in icy blue scales.
                  | (AC +3) [demonic ancestry]
 20928 | Volcano  | Reached XP level 13. HP: 97/103 MP: 27/27
 20936 | Volcano  | Reached skill level 10 in Fighting
 21181 | Volcano  | Reached skill level 10 in Dodging
 22044 | Lair:4   | Found a viscous altar of Jiyva.
 22045 | Lair:4   | Found a staircase to the Slime Pits.
 22434 | Lair:4   | Killed Kirke
 22964 | Lair:5   | Entered Level 5 of the Lair of Beasts
 23297 | Lair:5   | Reached ***** piety under Vehumet
 23297 | Lair:5   | Offered knowledge of Ozocubu's Refrigeration by Vehumet.
 23344 | Lair:5   | Learned a level 7 spell: Ozocubu's Refrigeration
 24162 | Lair:5   | Reached skill level 6 in Ice Magic
 24162 | Lair:5   | Gained mutation: You have claws for hands. [demonic
                  | ancestry]
 24162 | Lair:5   | Reached XP level 14. HP: 100/110 MP: 8/29
 24868 | Lair:5   | Reached skill level 7 in Ice Magic
 26139 | Lair:5   | Found a burning altar of Makhleb.
 26145 | Lair:5   | Found a gateway to Hell.
 26145 | Lair:5   | Found the +0 mask of the Dragon {Will+ Slay+3 SInv}
 26809 | Orc:2    | Reached skill level 8 in Ice Magic
 26824 | Orc:2    | Offered knowledge of Spellforged Servitor by Vehumet.
 26826 | Orc:2    | Reached skill level 9 in Ice Magic
 26856 | Orc:2    | Reached skill level 10 in Ice Magic
 27205 | Orc:2    | Found a staircase to the Elven Halls.
 27282 | Orc:2    | Found Esoong's Weapon Emporium.
 27283 | Orc:2    | Found Fonoof's Weapon Boutique.
 27283 | Orc:2    | Found Taesitaf's Magic Scroll Emporium.
 27283 | Orc:2    | Found Vaymut's Book Shop.
 27323 | Orc:2    | Reached skill level 11 in Ice Magic
 27468 | Orc:2    | Bought a scroll of teleportation for 42 gold pieces
 27468 | Orc:2    | Bought a scroll of teleportation for 42 gold pieces
 27468 | Orc:2    | Bought a scroll of teleportation for 42 gold pieces
 27468 | Orc:2    | Bought a scroll of magic mapping for 105 gold pieces
 27468 | Orc:2    | Bought a scroll of enchant weapon for 105 gold pieces
 27468 | Orc:2    | Bought a scroll of silence for 133 gold pieces
 27739 | Orc:1    | Identified the +7 hand axe "Radghur" {protect, Fly rElec
                  | Will- Dex+9}
 27941 | Orc:1    | Noticed an orc warlord
 27958 | Orc:1    | Offered knowledge of Starburst by Vehumet.
 28204 | Orc:1    | Noticed an orc warlord
 28300 | Orc:1    | Killed an orc warlord
 28306 | Orc:1    | Killed an orc warlord
 28307 | Orc:1    | Reached skill level 12 in Ice Magic
 28485 | Orc:1    | Reached XP level 15. HP: 115/115 MP: 31/31
 28516 | Orc:1    | Identified the ring "Niarepo" {rElec rN+ MP-9 Str+7}
 28522 | Orc:1    | Identified the +6 scale mail "Fiyhesah" {Harm Fly MP-9
                  | Int+4}
 29087 | D:11     | Learned a level 6 spell: Starburst
 29234 | D:12     | Noticed Rupert
 30560 | D:13     | Identified the ring "Upisial" {rElec rF+ rC+ Str+6}
 31017 | D:13     | Reached skill level 13 in Ice Magic
 31296 | D:13     | Found a gate to the Vaults.
 31420 | D:13     | Found a stormy altar of Qazlal.
 33271 | D:14     | Reached skill level 1 in Shields
 33624 | D:14     | Reached skill level 14 in Ice Magic
 33840 | D:15     | Entered Level 15 of the Dungeon
 34234 | D:15     | Noticed Louise
 34625 | D:15     | Identified the amulet "Girrek" {RegenMP Rampage Int+2}
 34905 | Swamp:1  | Entered Level 1 of the Swamp
 35237 | Swamp:1  | Noticed a fenstrider witch
 35240 | Swamp:1  | Killed a fenstrider witch
 35281 | Swamp:1  | Noticed a tentacled monstrosity
 35546 | Lair:2   | Killed Maggie
 36032 | Lair:1   | Killed bear's ghost
 36040 | Lair:1   | Killed bear's ghost
 36207 | Snake:1  | Entered Level 1 of the Snake Pit
 36517 | Snake:1  | Found a runed translucent door.
 36782 | Snake:1  | You fall into a shaft and drop 1 floor!
 36785 | Snake:2  | Reached skill level 15 in Ice Magic
 37075 | Snake:1  | Gained mutation: You punish those that try to bend your
                  | will. (Will+) [demonic ancestry]
 37075 | Snake:1  | Reached XP level 16. HP: 90/122 MP: 19/32
 37331 | Snake:1  | Noticed Nicoed's ghost (adept MiBe)
 37514 | Snake:2  | Found Filorph's Weapon Shoppe.
 37570 | Snake:2  | Reached skill level 5 in Shields
 38005 | Snake:2  | Offered knowledge of Conjure Ball Lightning by Vehumet.
 38173 | Snake:2  | Learned a level 6 spell: Conjure Ball Lightning
 40249 | Snake:4  | Entered Level 4 of the Snake Pit
 41104 | Snake:4  | Reached ****** piety under Vehumet
 41130 | Snake:4  | Offered knowledge of Eringya's Noxious Bog by Vehumet.
 41193 | Snake:4  | Reached XP level 17. HP: 111/135 MP: 1/35
 42056 | Snake:4  | Got a serpentine rune of Zot
 42396 | Snake:4  | Found a runed translucent door.
 42415 | Snake:4  | Noticed MewIchigo's ghost (adept MiFi)
 43396 | D:10     | Reached skill level 16 in Ice Magic
 43478 | Orc:2    | Bought a Necronomicon for 952 gold pieces
 43478 | Orc:2    | Bought an Inescapable Atlas for 578 gold pieces
 43481 | Orc:2    | Learned a level 2 spell: Blink
 43778 | Swamp:1  | Noticed Nikola
 43959 | Swamp:1  | Found a runed translucent door.
 44385 | Swamp:1  | Learned a level 7 spell: Orb of Destruction
 44416 | Swamp:1  | Found a runed translucent gate.
 44416 | Swamp:1  | Found a runed translucent gate.
 44423 | Swamp:1  | Killed Nikola
 44424 | Swamp:1  | Found a runed translucent gate.
 44425 | Swamp:1  | Noticed xzight's ghost (adept MiBe)
 44491 | Swamp:1  | Killed a tentacled monstrosity
 44875 | Swamp:1  | Reached skill level 15 in Spellcasting
 45005 | Swamp:1  | Identified the ring of Foqixus {Fly rPois}
 45015 | Swamp:1  | Paralysed by you for 3 turns
 45215 | Swamp:1  | Killed xzight's ghost
 45303 | Swamp:1  | Identified the amulet "Guvox" {Reflect *Slow Dex+6 SH+5}
 45333 | Swamp:2  | Identified Roxanne's Vellum of Moulding
 45333 | Swamp:2  | Noticed Roxanne
 45673 | Swamp:2  | Noticed a profane servitor
 45692 | Swamp:2  | Found a transporter.
 45693 | Swamp:2  | Found a transporter.
 45938 | Swamp:2  | Gained mutation: You are resistant to unholy torment.
                  | [demonic ancestry]
 45938 | Swamp:2  | Reached XP level 18. HP: 128/147 MP: 35/37
 46002 | Swamp:2  | Offered knowledge of Iron Shot by Vehumet.
 46083 | Swamp:2  | Noticed Buem's ghost (adept OgAM)
 46248 | Swamp:2  | Found a one-way gate to the infinite horrors of the Abyss.
 46353 | Swamp:2  | Killed Roxanne
 46545 | Swamp:3  | HP: 5/147 [bunyip (25)]
 47158 | Swamp:3  | Found a transporter.
 47189 | Swamp:3  | Noticed sentinel's ghost (journeyman MeEE)
 47972 | Swamp:4  | Entered Level 4 of the Swamp
 47978 | Swamp:4  | Reached skill level 15 in Fighting
 47995 | Swamp:4  | Reached skill level 17 in Ice Magic
 48170 | Swamp:4  | Offered knowledge of Ignition by Vehumet.
 48423 | Swamp:4  | Found a runed translucent gate.
 48436 | Swamp:4  | Noticed Garym's ghost (adept MiBe)
 48464 | Swamp:4  | Found a runed translucent gate.
 48465 | Swamp:4  | Found a runed translucent gate.
 48511 | Swamp:4  | Noticed Mlioglotl
 49066 | Swamp:4  | Killed Mlioglotl
 49174 | Swamp:4  | Got a decaying rune of Zot
 49951 | Swamp:4  | Killed Garym's ghost
 50665 | Snake:1  | Killed Nicoed's ghost
 50893 | Snake:4  | Killed MewIchigo's ghost
 51601 | D:12     | Killed Rupert
 51757 | Vaults:1 | Entered Level 1 of the Vaults
 51870 | Vaults:1 | Found Ulisin's General Store.
 51880 | Vaults:1 | Offered knowledge of Fire Storm by Vehumet.
 51880 | Vaults:1 | Offered knowledge of Chain Lightning by Vehumet.
 51880 | Vaults:1 | Offered knowledge of Polar Vortex by Vehumet.
 51964 | Vaults:1 | Reached skill level 18 in Ice Magic
 52148 | Vaults:1 | Reached XP level 19. HP: 155/155 MP: 38/38
 52195 | Vaults:1 | Reached skill level 15 in Conjurations
 53996 | Vaults:2 | Reached skill level 19 in Ice Magic
 54067 | Vaults:2 | You fall into a shaft and drop 2 floors!
 54279 | Vaults:2 | Found the +5 scythe "Finisher" {speed, eviscerate}
 54576 | Vaults:2 | Found a flickering gateway to a bazaar.
 54581 | Bazaar   | Entered a bazaar
 54581 | Bazaar   | Found Xicil's General Store.
 54581 | Bazaar   | Found Qano Rew's Armour Emporium.
 54581 | Bazaar   | Found Cephett's General Store.
 54581 | Bazaar   | Found Xycruvei's Jewellery Shoppe.
 54583 | Bazaar   | Found Aczifyly's Magic Scroll Boutique.
 54583 | Bazaar   | Found Rateqits's Book Shoppe.
 54607 | Bazaar   | Bought a potion of heal wounds for 50 gold pieces
 54607 | Bazaar   | Bought a potion of curing for 30 gold pieces
 54610 | Bazaar   | Bought a scroll of blinking for 75 gold pieces
 54610 | Bazaar   | Bought a scroll of magic mapping for 75 gold pieces
 54613 | Bazaar   | Bought a scroll of enchant armour for 60 gold pieces
 54613 | Bazaar   | Bought a scroll of magic mapping for 60 gold pieces
 54613 | Bazaar   | Bought a scroll of immolation for 32 gold pieces
 54613 | Bazaar   | Bought a scroll of immolation for 32 gold pieces
 54613 | Bazaar   | Bought a scroll of fear for 32 gold pieces
 54637 | Bazaar   | Bought the ring "Eclitu" {Wiz rN+ Dex+2 Slay+3} for 522
                  | gold pieces
 55395 | Vaults:2 | Reached skill level 20 in Ice Magic
 55599 | Vaults:2 | Found a staircase to the Crypt.
 55599 | Vaults:2 | Found a basalt altar of Yredelemnul.
 55599 | Vaults:2 | Found an ancient bone altar of Kikubaaqudgha.
 56755 | Vaults:3 | Found Orailiak's Magic Scroll Shop.
 56801 | Vaults:3 | Bought a scroll of enchant weapon for 120 gold pieces
 56801 | Vaults:3 | Bought a scroll of immolation for 64 gold pieces
 56801 | Vaults:3 | Bought a scroll of fear for 64 gold pieces
 56847 | Vaults:3 | Reached XP level 20. HP: 136/162 MP: 30/39
 57600 | Vaults:3 | Found Vepon's Antique Armour Shop.
 57833 | Vaults:3 | Found Juodawk's Antique Weapon Boutique.
 58082 | Vaults:3 | Found Kucat's Weapon Emporium.
 58170 | Vaults:3 | Found Koseot's Distillery.
 58176 | Vaults:3 | Bought a potion of magic for 96 gold pieces
 58176 | Vaults:3 | Bought a potion of curing for 36 gold pieces
 60291 | Vaults:4 | Found Rollump's Antique Weapon Emporium.
 60552 | Elf:1    | Entered Level 1 of the Elven Halls
 60575 | Elf:1    | Learned a level 9 spell: Polar Vortex
 62445 | Elf:2    | Reached XP level 21. HP: 154/162 MP: 42/42
 62465 | Elf:2    | Found Weps's Armour Boutique.
 62531 | Elf:2    | Found a runed translucent gate.
 62531 | Elf:2    | Found a runed translucent gate.
 62532 | Elf:2    | Found a runed translucent gate.
 62631 | Elf:2    | Noticed Saint Roka
 62657 | Elf:2    | Killed Saint Roka
 63308 | Elf:2    | Reached skill level 10 in Shields
 63601 | Elf:3    | Entered Level 3 of the Elven Halls
 63614 | Elf:3    | Found a radiant altar of Vehumet.
 64041 | Elf:3    | Found Reenoske's Book Shop.
 64082 | Elf:3    | Found Pazipapny's Book Shoppe.
 64084 | Elf:3    | Found Waah's Jewellery Boutique.
 64086 | Elf:3    | Found Rylokk's Book Shoppe.
 64174 | Elf:3    | Found Jiuwi's Assorted Antiques.
 64178 | Elf:3    | Bought a scroll of summoning for 370 gold pieces
 64283 | Elf:3    | Found Kijaukh's Book Emporium.
 64808 | Elf:2    | Found a shimmering blue altar of Sif Muna.
 65005 | Elf:3    | Identified the +6 plate armour of the Gloaming {rPois rF+
                  | MP-9}
 65026 | Elf:3    | Gained mutation: You occasionally shout uncontrollably at
                  | your foes. [mutagenic glow]
 65315 | Elf:3    | Identified the +8 trident of the Scorpion {holy, rF-
                  | Will++}
 65315 | Elf:3    | Identified the ring of New Discoveries {rC+ rN+ Str-2
                  | Dex+6}
 65320 | Elf:3    | Found the +15 Maxwell's patent armour {-Cast -Tele rElec
                  | Will+ rCorr}
 65324 | Elf:3    | Identified the +7 flail of Conscience {vamp, rPois rF+ rC+}
 65470 | Elf:3    | Identified the ring of Duovvowu {+Blink rPois Will+ rCorr
                  | Int+4}
 65637 | Elf:3    | Identified the +9 great sword of Otikoit {venom, Str+4}
 65692 | Elf:3    | Identified the +1 scale mail of Insecurity {Rampage}
 65784 | Elf:3    | Learned a level 8 spell: Necromutation
 66109 | Slime:1  | Entered Level 1 of the Pits of Slime
 66339 | Slime:2  | Reached skill level 1 in Necromancy
 66339 | Slime:2  | Reached skill level 1 in Evocations
 66343 | Slime:2  | Reached skill level 1 in Armour
 66343 | Slime:2  | Reached skill level 1 in Transmutations
 66732 | Slime:2  | Gained mutation: You are occasionally teleported next to
                  | monsters. [a shining eye]
 66733 | Slime:2  | Gained mutation: You have hidden genetic defects. [a
                  | shining eye]
 66768 | Slime:2  | Gained mutation: You are clumsy. (Dex -2) [a shining eye]
 67445 | Slime:4  | Gained mutation: You can hurl damnation. [demonic ancestry]
 67445 | Slime:4  | Reached XP level 22. HP: 184/184 MP: 44/44
 67470 | Slime:4  | Gained mutation: Your body sometimes deteriorates upon
                  | taking damage. [hidden defects]
 67654 | Slime:5  | Entered Level 5 of the Pits of Slime
 67808 | Slime:3  | You fall into a shaft and drop 1 floor!
 67956 | Slime:1  | Gained mutation: Your magical capacity is low. (-10% MP) [a
                  | shining eye]
 67960 | Slime:1  | Gained mutation: You are frail. (-10% HP) [a shining eye]
 68073 | Slime:1  | Lost mutation: You are clumsy. (Dex -2) [potion of
                  | mutation]
 68073 | Slime:1  | Lost mutation: Your body sometimes deteriorates upon taking
                  | damage. [potion of mutation]
 68073 | Slime:1  | Lost mutation: You are frail. (-10% HP) [potion of
                  | mutation]
 68073 | Slime:1  | Gained mutation: You have a somewhat thin skeletal
                  | structure. (Dex +2, Stealth+) [potion of mutation]
 68073 | Slime:1  | Gained mutation: Your spells are a little easier to cast,
                  | but a little less powerful. [potion of mutation]
 68074 | Slime:1  | Lost mutation: Your magical capacity is low. (-10% MP)
                  | [potion of mutation]
 68074 | Slime:1  | Lost mutation: You have hidden genetic defects. [potion of
                  | mutation]
 68074 | Slime:1  | Gained mutation: You are partially covered in large bone
                  | plates. (SH +4) [potion of mutation]
 68074 | Slime:1  | Gained mutation: A frigid envelope surrounds you and
                  | freezes all who hurt you. [potion of mutation]
 68211 | Slime:5  | Gained mutation: You are strong-willed. (Will+) [a shining
                  | eye]
 68500 | Slime:4  | Gained mutation: Your body sometimes deteriorates upon
                  | taking damage. [a shining eye]
 68843 | Slime:5  | Noticed the Royal Jelly
 69204 | Slime:5  | Killed the Royal Jelly
 69565 | Slime:5  | Identified the +9 morningstar "Cegouje" {vorpal, rN+ Dex+2}
 69567 | Slime:5  | Identified the +5 mace "Cueve" {venom, rPois rF+ Dex+2}
 69599 | Slime:5  | Got a slimy rune of Zot
 69622 | Slime:5  | Got the Tome of Elsewhere
 69626 | Slime:5  | Identified the +4 morningstar of the Howling Rat {vorpal,
                  | rPois rC+ MP-9 SInv}
 69652 | Slime:5  | Identified the ring "Mautaema" {Fly rF++}
 69675 | Slime:5  | Identified the +7 war axe "Ogreslayer" {drain, Dex+4}
 70017 | Slime:5  | Reached skill level 5 in Necromancy
 70315 | Lair:4   | Lost mutation: You are partially covered in large bone
                  | plates. (SH +4) [potion of mutation]
 70315 | Lair:4   | Lost mutation: Your spells are a little easier to cast, but
                  | a little less powerful. [potion of mutation]
 70315 | Lair:4   | Lost mutation: A frigid envelope surrounds you and freezes
                  | all who hurt you. [potion of mutation]
 70315 | Lair:4   | Gained mutation: Your mind is acute. (Int +4, Str/Dex -1)
                  | [potion of mutation]
 70316 | Lair:4   | Lost mutation: You occasionally shout uncontrollably at
                  | your foes. [potion of mutation]
 70316 | Lair:4   | Lost mutation: You have a somewhat thin skeletal structure.
                  | (Dex +2, Stealth+) [potion of mutation]
 70316 | Lair:4   | Lost mutation: You are occasionally teleported next to
                  | monsters. [potion of mutation]
 70316 | Lair:4   | Gained mutation: You have hidden genetic defects. [potion
                  | of mutation]
 70317 | Lair:4   | Lost mutation: You are strong-willed. (Will+) [potion of
                  | mutation]
 70317 | Lair:4   | Lost mutation: Your mind is acute. (Int +4, Str/Dex -1)
                  | [potion of mutation]
 70317 | Lair:4   | Gained mutation: You have large cloven feet. [potion of
                  | mutation]
 70317 | Lair:4   | Gained mutation: You expend magic power (3 MP) to
                  | strengthen your wands. [potion of mutation]
 70317 | Lair:4   | Gained mutation: Your system is resistant to poisons.
                  | (rPois) [potion of mutation]
 70318 | Lair:4   | Lost mutation: Your body sometimes deteriorates upon taking
                  | damage. [potion of mutation]
 70318 | Lair:4   | Lost mutation: You have hidden genetic defects. [potion of
                  | mutation]
 70318 | Lair:4   | Gained mutation: Your spells are a little harder to cast,
                  | but a little more powerful. [potion of mutation]
 70318 | Lair:4   | Gained mutation: You do not regenerate when monsters are
                  | visible. [potion of mutation]
 70318 | Lair:4   | Gained mutation: You passively dampen the noise of your
                  | surroundings. [potion of mutation]
 70626 | Vaults:5 | Entered Level 5 of the Vaults
 70627 | Vaults:5 | Noticed a golden dragon
 70631 | Vaults:5 | Reached skill level 5 in Transmutations
 71591 | D:15     | Killed Louise
 72083 | D:15     | Found a staircase to the Depths.
 72378 | Depths:1 | Entered Level 1 of the Depths
 72389 | Depths:1 | Found Risafesit's Armour Emporium.
 72706 | Depths:1 | Found Kuppi's Antique Weapon Shoppe.
 72788 | Depths:1 | Found Ulehemum's Weapon Boutique.
 72821 | Depths:1 | Found a one-way gate leading to the halls of Pandemonium.
 72912 | Depths:1 | Found a flickering gateway to a bazaar.
 72928 | Depths:1 | Found Luledonif's Antique Armour Shop.
 72950 | Bazaar   | Entered a bazaar
 73075 | Bazaar   | Found Jeacaow's Jewellery Emporium.
 73075 | Bazaar   | Found Xuackowu's Magic Scroll Shoppe.
 73124 | Bazaar   | Bought a scroll of summoning for 66 gold pieces
 73124 | Bazaar   | Bought a scroll of silence for 66 gold pieces
 73124 | Bazaar   | Bought a scroll of enchant armour for 52 gold pieces
 73124 | Bazaar   | Bought a scroll of enchant weapon for 52 gold pieces
 73124 | Bazaar   | Bought a scroll of enchant weapon for 52 gold pieces
 73604 | Depths:1 | Gained mutation: You are completely covered in icy blue
                  | scales. (AC +4, rC+) [demonic ancestry]
 73604 | Depths:1 | Reached XP level 23. HP: 65/192 MP: 42/45
 74458 | Depths:2 | Reached skill level 10 in Necromancy
 74592 | Depths:2 | HP: 3/192 [stone giant/large rock (54)]
 75193 | Depths:2 | Noticed a caustic shrike
 75300 | Depths:2 | Identified the ring of Dyutzomo {rPois Dex+4}
 75460 | Depths:2 | Killed a caustic shrike
 76028 | Depths:2 | Found a one-way gateway to a ziggurat.
 76517 | Depths:3 | Reached skill level 10 in Transmutations
 76539 | Depths:3 | Noticed Frederick
 76938 | Depths:3 | Killed Frederick
 77167 | Depths:3 | Noticed a caustic shrike
 77168 | Depths:3 | Noticed a juggernaut
 77332 | Depths:4 | Entered Level 4 of the Depths
 77953 | Depths:4 | Noticed Xtahua
 77958 | Depths:4 | Killed Xtahua
 78391 | Depths:4 | Found a gate to the Realm of Zot.
 79234 | Depths:4 | Found a runed translucent door.
 79252 | Depths:4 | Noticed an ancient lich
 79693 | Zot:1    | Entered Level 1 of the Realm of Zot
 79693 | Zot:1    | Noticed an orb of fire
 79694 | Zot:1    | Gained mutation: You are clumsy. (Dex -2) [an orb of fire]
 79695 | Zot:1    | Gained mutation: Your body sometimes deteriorates upon
                  | taking damage. [an orb of fire]
 79698 | Zot:1    | Reached XP level 24. HP: 170/199 MP: 29/45
 79698 | Zot:1    | Killed an orb of fire
 80132 | Zot:1    | Gained mutation: Your magical capacity is low. (-10% MP)
                  | [mutagenic glow]
 80141 | Zot:1    | Lost mutation: You have large cloven feet. [mutagenic glow]
 80349 | Depths:4 | Lost mutation: You passively dampen the noise of your
                  | surroundings. [potion of mutation]
 80349 | Depths:4 | Lost mutation: You are clumsy. (Dex -2) [potion of
                  | mutation]
 80349 | Depths:4 | Lost mutation: Your body sometimes deteriorates upon taking
                  | damage. [potion of mutation]
 80349 | Depths:4 | Lost mutation: You do not regenerate when monsters are
                  | visible. [potion of mutation]
 80349 | Depths:4 | Gained mutation: Your body sometimes deteriorates upon
                  | taking damage. [potion of mutation]
 80349 | Depths:4 | Gained mutation: You are somewhat resistant to further
                  | mutation. [potion of mutation]
 80350 | Depths:4 | Lost mutation: You are somewhat resistant to further
                  | mutation. [potion of mutation]
 80350 | Depths:4 | Lost mutation: Your spells are a little harder to cast, but
                  | a little more powerful. [potion of mutation]
 80350 | Depths:4 | Gained mutation: Armour fits poorly on your strangely
                  | shaped body. [potion of mutation]
 80350 | Depths:4 | Gained mutation: Your natural rate of healing is unusually
                  | fast. [potion of mutation]
 80712 | Zot:1    | Reached skill level 15 in Necromancy
 81002 | Zot:2    | Noticed Vv
 81033 | Zot:2    | Noticed a juggernaut
 81170 | Zot:1    | Killed a juggernaut
 81405 | Zot:2    | Killed Vv
 81798 | Zot:2    | Reached skill level 15 in Transmutations
 81799 | Zot:2    | Slain by a white draconian

Illustrated notes

Levels and vault maps discovered:
D:1:      eino_arrival_water_cross, layout_basic,
          dreamdust_ecumenical_altar_statues, minmay_tetromino_o2
D:2:      layout_basic, basic_altar
D:3:      layout_basic, tso_altar
D:4:      layout_basic, ashenzari_conservatory_becter
D:5:      layout_cave_pools, minmay_temple_entry_mist, uniq_ijyb
D:6:      layout_rooms, uniq_crazy_yiuf_cottage, uniq_edmund
D:7:      layout_rooms, vehumet_altar_wand_db, hangedman_misty_isle
D:8:      layout_loops_corners, makhleb_altar_promises_db,
          gammafunk_temple_overflow_elements, dpeg_oklobed_lair
D:9:      layout_roguey, nicolae_dithmenos_shadow_blocks,
          mainiacjoe_overflow_boulevard, uniq_grum, uniq_prince_ribbit1
D:10:     layout_big_octagon, uniq_josephine
D:11:     layout_loops_ring, erik_orc_3, serial_shops, shop_fountains,
          uniq_erica
D:12:     layout_long_grid, uniq_rupert
D:13:     kennysheep_funnel, layout_basic, skrybe_vaults_entry_preservation,
          nicolae_qazlal_eye_of_the_storm
D:14:     layout_grid_maze, palyth_stone_intersect
D:15:     grunt_enter_depths_snipers, layout_layer_cave,
          hangedman_decor_diamond_cutter, uniq_louise
Temple:   nicolae_temple_ecumenical_triangle
Lair:1:   layout_loops_ring, gammafunk_ghost_cemetery, minmay_holes,
          lemuel_fruit_fields
Lair:2:   layout_concentric_octagons, minmay_swamp_entry_wisps,
          chequers_serial_rivers_micro_c, infiniplex_staircase_pool_2,
          uniq_maggie
Lair:3:   layout_regular_city, dummy_snake_entry, basic_altar,
          serial_bayou_pond_e, serial_bayou_shore_a
Lair:4:   layout_roguey, minmay_slime_entry_pillars, enter_volcano_4,
          nicolae_lair_yak_garden, uniq_kirke
Lair:5:   evil_forest, layout_regular_city
Swamp:1:  gammafunk_mikee_crab_dinner, layout_basic_swamp,
          gammafunk_ghost_hydra_chop, evilmike_swamp_ruin_house_4, swamp_pool1,
          uniq_nikola
Swamp:2:  layout_basic_swamp, gammafunk_ghost_abyssal_escape,
          wheals_swamp_sinkhole, infiniplex_staircase_pool, uniq_roxanne
Swamp:3:  layout_falls_marsh, gammafunk_ghost_mausoleum,
          nicolae_swamp_feature_on_the_river_bank, swamp_pool4
Swamp:4:  swamp_alternative, layout_basic_swamp, gammafunk_ghost_split,
          nicolae_swamp_catching_bugs, uniq_mlioglotl
Snake:1:  layout_cave_shapes, ebering_ghost_reflecting_pool
Snake:2:  nicolae_snake_unarmed_stairs_patrol, layout_grid_maze, serial_shops,
          nicolae_shop_window_shopping
Snake:3:  layout_misc_corridors, nicolae_elevator_lobby_asterisk
Snake:4:  snake_pit_salamanders_mu, layout_cave_town,
          ebering_ghost_reflecting_pool
Slime:1:  layout_caves
Slime:2:  layout_caves
Slime:3:  layout_caves
Slime:4:  layout_caves
Slime:5
Orc:1:    layout_caves, minmay_orc_treasury
Orc:2:    st_orc_ogre_mass, layout_caves
Elf:1:    nicolae_elf_arrival_fired_up, layout_loops_corners,
          hangedman_elf_represent
Elf:2:    elven_hall_of_blades_hangedman_original
          [nicolae_blade_entry_diamond_columns], layout_rooms, serial_shops,
          nicolae_square_shop, lemuel_upstairs_altar, uniq_saint_roka
Elf:3:    minmay_elf_hall_dome, layout_loops_corners, serial_shops, shop_statue,
          shop_fountains, shop, basic_altar, grunt_megastairs_3,
          minmay_shop_grove
Vaults:1: v_misc_4, dpeg_vaults_monster_row, v_rooms_1, vaults_room_semicircle,
          nicolae_vaults_rhombus_6, nicolae_vaults_theta, vaults_dpeg_hooks,
          ontoclasm_vaults_loading_screen, vaults_room_pools,
          grunt_vaults_hallway_short, layout_vaults_omnigrid, serial_shops, shop
Vaults:2: nicolae_vaults_network_star, vaults_mumra_minichess_inversion,
          v_misc_3, hangedman_vaults_river_flow, v_misc_19, kb_rosetta,
          ontoclasm_vaults_pinch, minmay_crypt_entry_necro_gods,
          vaults_standard_mumra_enter_the_diamond, hangedman_vaults_stitches,
          ontoclasm_vaults_ligature, layout_vaults_maze_bifur, serial_shops,
          bzr_entry_road
Vaults:3: v_alt_pattern_4, nicolae_vaults_windows_and_doors_thing,
          nicolae_vaults_big_ls, nicolae_vaults_twisting_passages,
          v_alt_pattern_1, v_rooms_5, ontoclasm_vaults_misaligned,
          nicolae_vaults_mini_display_case, hangedman_vaults_corner_blocks,
          grunt_vaults_funnel, ontoclasm_vaults_ring_small,
          grunt_vaults_hallway_long, layout_vaults_omnibox, serial_shops,
          shop_fountains, nicolae_shop_trees, shop, shop,
          nicolae_shop_advertising_works [nicolae_subvault_shop_adworks]
Vaults:4: ontoclasm_vaults_twist, hangedman_vaults_snaps, vaults_room_fours,
          hangedman_vaults_pinch, hangedman_vaults_variations,
          vaults_room_guarded_vault, nicolae_vaults_gold_heap,
          nicolae_vaults_little_ls, layout_vaults_omnicross, serial_shops,
          nicolae_shop_crystal
Vaults:5: serial_shops
Depths:1: layout_cave_pools, serial_shops, bzr_in_the_mist,
          nicolae_shop_behind_doors, shop, nicolae_shop_crystal,
          nicolae_square_shop, rand_demon_pan_entry_7, hell_entry,
          amcnicky_mini_rare_corridor_liquid, drop_trap, kennysheep_kite_vault
Depths:2: minmay_the_grid_octo_triangle [minmay_the_grid_octo_thin_diamonds,
          minmay_the_grid_octo_prize_square_snowflake,
          minmay_the_grid_octo_odd_swirl], layout_basic, enter_ziggurat_c,
          hangedman_decor_lopped, hell_entry, rand_demon_pan_entry_5,
          infiniplex_staircase_zigzag_4
Depths:3: nicolae_cairo_tiling_large_dashed, layout_basic, hell_entry,
          abyss_entry, minivault_12, uniq_frederick
Depths:4: grunt_zot_entry_alcove, layout_cave_shapes, grunt_pan_entry_zigzag,
          serial_rivers, chequers_serial_rivers_micro_d,
          chequers_serial_rivers_large_a, chequers_serial_rivers_room_b,
          chequers_serial_rivers_small_b, chequers_serial_rivers_room_a,
          grunt_hell_entry_dis_grunt, abyss_entry,
          hangedman_abyss_or_decor_slice, minmay_hidden_floor, uniq_xtahua
Zot:1:    layout_onion_interference
Zot:2:    ebering_greatest_show_in_zot, layout_onion, zot_minivault_7, uniq_vv

Skill      XL: |  1  2  3  4  5  6  7  8  9 10 11 12 13 14 15 16 17 18 19 20 21 22 23 24 |
---------------+-------------------------------------------------------------------------+-----
Stealth        | 2 3 4 5 |  5.0
Dodging        | 2 3 4 5 6 9 10 | 10.8
Fighting       | 1 2 3 4 5 6 9 10 12 14 15 16 18 | 18.4
Spellcasting   | 3 4 5 6 8 9 10 11 12 14 15 17 18 | 18.4
Hexes          | 1 2 3 4 5 |  5.0
Conjurations   | 5 6 7 8 9 10 12 14 15 | 15.0
Translocations | 2 3 4 5 |  5.0
Ice Magic      | 4 5 6 12 15 16 18 20 | 20.0
Shields        | 4 5 7 9 10 | 10.0
Necromancy     | 3 9 14 15 | 15.0
Evocations     | 2 4 |  4.3
Armour         | 2 4 |  4.0
Transmutations | 2 7 12 15 | 15.0

Action                   |  1- 3 |  4- 6 |  7- 9 | 10-12 | 13-15 | 16-18 | 19-21 | 22-24 || total
-------------------------+-------+-------+-------+-------+-------+-------+-------+-------++-------
Melee: Unarmed           |     1 |       |       |     1 |       |       |       |       ||     2
       Whip              |     4 |    15 |    97 |   148 |       |       |       |       ||   264
       Quarterstaff      |       |     7 |     1 |    37 |    11 |       |       |       ||    56
       Punch             |       |       |     2 |     2 |     3 |       |       |       ||     7
       Scimitar          |       |       |       |    19 |       |       |       |       ||    19
       Trident           |       |       |       |    19 |   336 |   107 |    13 |       ||   475
       Staff             |       |       |       |       |       |    19 |    42 |    19 ||    80
       Demon trident     |       |       |       |       |       |       |     3 |       ||     3
 Cast: Magic Dart        |    77 |    91 |   148 |   102 |     4 |       |       |       ||   422
       Searing Ray       |       |     2 |    23 |    33 |    11 |       |     1 |       ||    70
       Dazzling Flash    |       |       |     6 |     8 |     4 |       |       |       ||    18
       Iskenderun's Myst |       |       |     9 |    14 |    25 |     4 |     8 |    30 ||    90
       Fulminant Prism   |       |       |    11 |   143 |   106 |     6 |     3 |       ||   269
       Frozen Ramparts   |       |       |       |    18 |    47 |       |     1 |     1 ||    67
       Flame Wave        |       |       |       |     7 |    52 |     4 |     3 |     1 ||    67
       Ozocubu's Refrige |       |       |       |       |   174 |   425 |   459 |   177 ||  1235
       Orb of Destructio |       |       |       |       |       |   113 |   198 |   275 ||   586
       Blink             |       |       |       |       |       |    38 |    19 |    10 ||    67
       Conjure Ball Ligh |       |       |       |       |       |    17 |     8 |       ||    25
       Starburst         |       |       |       |       |       |       |     9 |       ||     9
       Polar Vortex      |       |       |       |       |       |       |    15 |    41 ||    56
       Necromutation     |       |       |       |       |       |       |       |    20 ||    20
 Abil: Evoke Blink       |       |       |       |       |       |       |     1 |     6 ||     7
       Hurl Damnation    |       |       |       |       |       |       |       |     4 ||     4
Evoke: Wand              |       |       |       |     3 |    10 |    46 |    24 |     2 ||    85
       Phial of floods   |       |       |       |       |       |     2 |       |       ||     2
  Use: Scroll            |     1 |     7 |    10 |     9 |     8 |     6 |    14 |     8 ||    63
       Potion            |     1 |       |     2 |     4 |     2 |     6 |     4 |    18 ||    37
 Stab: Sleeping          |     2 |     1 |     1 |     1 |     5 |     3 |       |       ||    13
       Paralysed         |     1 |     3 |    24 |    48 |    39 |     8 |     6 |       ||   129
       Invisible         |       |       |     3 |       |     1 |       |       |       ||     4
       Distracted        |       |       |       |       |     2 |       |       |       ||     2
Armor: Robe              |     2 |     2 |    22 |    10 |       |       |       |    77 ||   113
       Leather armour    |       |       |       |    88 |   154 |   108 |    91 |       ||   441
Dodge: Dodged            |     7 |    19 |   114 |   228 |   409 |   170 |   210 |   187 ||  1344
Block: Buckler           |       |       |       |       |    17 |    51 |    75 |    96 ||   239
       Other             |       |       |       |       |    12 |       |       |       ||    12
